General information
- name: BNet
- type: Ladder team game (AT/RT)
- host: Battle.net
- saver: DSSN
map: GolemsInTheMist
- players: 8
- length: 25:27
- speed: Fast
- version: 1.26 W3XP
- replay type: Public
» download(216 KB)
Players
team 1 (loser)
ysk1402 (
teal | 90 APM | 2277 actions | 25:24)
3 Blood Mage
2 Flame Strike
1 Siphon Mana
» actions
| Basic commands | 570 | |
| Build / train | 169 | |
| ESC pressed | 2 | |
| Enter build submenu | 39 | |
| Enter hero's abilities submenu | 3 | |
| Right click | 970 | |
| Select / deselect | 415 | |
| Use ability | 109 | |
2277 total
» units
| Peasant | 16 | |
| Footman | 12 | |
| Goblin Zeppelin | 4 | |
| Goblin Shredder | 9 | |
| Dragonhawk Rider | 1 | |
| Gryphon Rider | 2 | |
| Knight | 3 | |
| Siege Engine | 1 | |
48 total
» upgrades
| Defend | 1 | |
| Swords | 2 | |
| Armor | 3 | |
| Lumber Harvesting | 1 | |
| Storm Hammers | 1 | |
8 total
» buildings
| Altar of Kings | 2 | |
| Farm | 8 | |
| Barracks | 2 | |
| Arcane Vault | 1 | |
| Town Hall | 3 | |
| Lumber Mill | 1 | |
| Keep | 6 | |
| Blacksmith | 1 | |
| Castle | 4 | |
| Gryphon Aviary | 3 | |
| Scout Tower | 15 | |
| Guard Tower | 21 | |
| Arcane Tower | 4 | |
71 total
» build order
00:33 Altar of Kings
00:38 Altar of Kings
00:49 Farm
01:14 Barracks
01:32 Farm
02:09 Farm
02:35 Barracks
02:56 Farm
03:13 Arcane Vault
05:18 Town Hall
06:09 Farm
06:26 Lumber Mill
06:59 Farm
07:04 Keep
07:05 Keep
07:05 Keep
07:29 Blacksmith
07:42 Farm
10:03 Castle
10:03 Castle
10:13 Gryphon Aviary
10:18 Gryphon Aviary
10:22 Gryphon Aviary
11:25 Farm
18:02 Town Hall
19:12 Scout Tower
19:15 Scout Tower
19:38 Town Hall
20:11 Guard Tower
20:14 Scout Tower
20:47 Guard Tower
20:50 Scout Tower
21:30 Arcane Tower
21:30 Arcane Tower
21:33 Scout Tower
22:04 Arcane Tower
22:07 Scout Tower
22:09 Scout Tower
22:12 Scout Tower
22:14 Scout Tower
23:06 Guard Tower
23:06 Guard Tower
23:07 Guard Tower
23:09 Scout Tower
23:10 Scout Tower
23:28 Scout Tower
23:30 Scout Tower
23:40 Guard Tower
23:40 Guard Tower
23:44 Scout Tower
23:47 Scout Tower
24:00 Guard Tower
24:01 Guard Tower
24:01 Guard Tower
24:22 Guard Tower
24:22 Guard Tower
24:23 Guard Tower
» items
| Lesser Clarity Potion | 31 | |
| Scroll of Regeneration | 11 | |
| Scroll of Town Portal | 9 | |
51 total

»
cHl.jApPe (
yellow | 60 APM | 1460 actions | 24:13)
4 Mountain King
2 Storm Bolt
2 Bash
3 Paladin
2 Holy Light
1 Divine Shield
» actions
| Assign group hotkey | 28 | |
| Basic commands | 23 | |
| Build / train | 71 | |
| Enter build submenu | 21 | |
| Enter hero's abilities submenu | 7 | |
| Give item / drop item | 1 | |
| Remove unit from queue | 2 | |
| Right click | 622 | |
| Select / deselect | 211 | |
| Select group hotkey | 391 | |
| Use ability | 83 | |
1460 total
» units
| Peasant | 15 | |
| Rifleman | 13 | |
| Mortar Team | 5 | |
| Siege Engine | 8 | |
41 total
» upgrades
| Gunpowder | 3 | |
| Long Rifles | 1 | |
| Fragmentation Shards | 1 | |
| Flare | 1 | |
| Barrage | 1 | |
| Animal War Training | 1 | |
| Plating | 1 | |
9 total
» buildings
| Altar of Kings | 1 | |
| Barracks | 1 | |
| Farm | 21 | |
| Blacksmith | 1 | |
| Lumber Mill | 1 | |
| Arcane Vault | 1 | |
| Keep | 1 | |
| Workshop | 2 | |
| Castle | 1 | |
30 total
» build order
00:45 Altar of Kings
00:50 Barracks
01:01 Farm
01:49 Farm
02:14 Blacksmith
02:22 Farm
02:48 Lumber Mill
03:07 Farm
03:47 Arcane Vault
04:36 Keep
05:07 Farm
06:58 Farm
06:59 Farm
07:16 Workshop
08:19 Farm
09:34 Castle
09:38 Farm
09:38 Farm
12:41 Farm
13:04 Farm
13:05 Farm
13:06 Farm
13:07 Farm
13:43 Farm
13:43 Farm
13:44 Farm
13:44 Farm
13:45 Farm
15:42 Farm
24:04 Workshop
» items
| Scroll of Regeneration | 3 | |
| Lesser Clarity Potion | 1 | |
| Scroll of Town Portal | 2 | |
| Orb of Fire | 1 | |
| Potion of Healing | 1 | |
8 total

»
Welleman (
orange | 64 APM | 1518 actions | 23:38)
5 Demon Hunter
3 Immolation
2 Evasion
5 Keeper of the Grove
2 Entangling Roots
3 Thorns Aura
» actions
| Assign group hotkey | 21 | |
| Basic commands | 1 | |
| Build / train | 74 | |
| Enter build submenu | 13 | |
| Enter hero's abilities submenu | 10 | |
| Give item / drop item | 1 | |
| Remove unit from queue | 4 | |
| Right click | 678 | |
| Select / deselect | 238 | |
| Select group hotkey | 405 | |
| Use ability | 73 | |
1518 total
» units
| Wisp | 11 | |
| Dryad | 10 | |
| Druid of the Talon | 14 | |
35 total
» upgrades
| Ultravision | 1 | |
| Abolish Magic | 1 | |
| Strength of the Wild | 3 | |
| Druid of the Talon Training | 2 | |
| Reinforced Hides | 2 | |
| Mark of the Talon | 1 | |
10 total
» buildings
| Altar of Elders | 1 | |
| Moon Well | 7 | |
| Tree of Ages | 1 | |
| Ancient of Wonders | 1 | |
| Hunter's Hall | 1 | |
| Ancient of Lore | 2 | |
| Ancient of Wind | 1 | |
| Tree of Eternity | 1 | |
15 total
» build order
00:10 Altar of Elders
00:12 Moon Well
01:57 Tree of Ages
02:01 Ancient of Wonders
02:04 Moon Well
02:53 Hunter's Hall
04:41 Ancient of Lore
04:48 Ancient of Lore
04:51 Ancient of Wind
04:57 Moon Well
07:41 Moon Well
08:52 Tree of Eternity
10:25 Moon Well
17:46 Moon Well
20:00 Moon Well
» items
| Dust of Appearance | 1 | |
| Moonstone | 1 | |
| Potion of Healing | 4 | |
| Scroll of Town Portal | 2 | |
| Orb of Venom | 1 | |
| Scroll of Regeneration | 2 | |
11 total

»
ArgentCrusader (
blue | 31 APM | 738 actions | 23:43)
5 Priestess of the Moon
3 Trueshot Aura
2 Searing Arrows
» actions
| Assign group hotkey | 9 | |
| Basic commands | 1 | |
| Build / train | 46 | |
| Enter build submenu | 22 | |
| Enter hero's abilities submenu | 5 | |
| Right click | 313 | |
| Select / deselect | 248 | |
| Select group hotkey | 46 | |
| Use ability | 48 | |
738 total
» units
| Wisp | 13 | |
| Huntress | 4 | |
| Chimaera | 13 | |
| Goblin Shredder | 1 | |
31 total
» upgrades
| Sentinel | 1 | |
| Strength of the Wild | 3 | |
| Reinforced Hides | 1 | |
| Corrosive Breath | 1 | |
6 total
» buildings
| Moon Well | 9 | |
| Altar of Elders | 1 | |
| Hunter's Hall | 1 | |
| Ancient of War | 2 | |
| Tree of Ages | 1 | |
| Tree of Eternity | 1 | |
| Ancient of Wind | 1 | |
| Chimaera Roost | 3 | |
| Tree of Life | 2 | |
| Ancient of Lore | 1 | |
22 total
» build order
00:19 Moon Well
00:33 Altar of Elders
01:48 Hunter's Hall
01:51 Ancient of War
01:59 Moon Well
02:20 Ancient of War
03:05 Tree of Ages
04:12 Moon Well
05:13 Moon Well
05:30 Tree of Eternity
05:45 Ancient of Wind
07:57 Chimaera Roost
07:59 Chimaera Roost
08:01 Chimaera Roost
10:26 Tree of Life
14:17 Moon Well
15:15 Moon Well
17:28 Moon Well
19:53 Moon Well
21:03 Tree of Life
21:55 Moon Well
23:39 Ancient of Lore
» items
team 2 (winner)

»
LiveMyLife (
green | 98 APM | 2485 actions | 25:25)
3 Death Knight
2 Death Coil
1 Unholy Aura
3 Lich
2 Frost Nova
1 Dark Ritual
» actions
| Assign group hotkey | 31 | |
| Basic commands | 14 | |
| Build / train | 73 | |
| Enter build submenu | 31 | |
| Enter hero's abilities submenu | 6 | |
| Give item / drop item | 3 | |
| Remove unit from queue | 9 | |
| Right click | 1048 | |
| Select / deselect | 303 | |
| Select group hotkey | 897 | |
| Use ability | 70 | |
2485 total
» units
| Acolyte | 10 | |
| Ghoul | 3 | |
| Crypt Fiend | 7 | |
| Frost Wyrm | 11 | |
31 total
» upgrades
| Creature Attack | 3 | |
| Creature Carapace | 3 | |
| Web | 1 | |
| Freezing Breath | 1 | |
| Unholy Strength | 0 | |
8 total
» buildings
| Graveyard | 1 | |
| Crypt | 1 | |
| Ziggurat | 12 | |
| Altar of Darkness | 2 | |
| Tomb of Relics | 1 | |
| Nerubian Tower | 1 | |
| Halls of the Dead | 2 | |
| Slaughterhouse | 1 | |
| Black Citadel | 1 | |
| Sacrificial Pit | 1 | |
| Boneyard | 2 | |
| Spirit Tower | 4 | |
29 total
» build order
00:19 Graveyard
00:22 Crypt
00:38 Ziggurat
01:01 Altar of Darkness
01:05 Altar of Darkness
01:44 Tomb of Relics
02:01 Ziggurat
03:00 Nerubian Tower
03:46 Halls of the Dead
03:46 Halls of the Dead
04:48 Ziggurat
06:05 Ziggurat
08:05 Slaughterhouse
09:02 Black Citadel
10:14 Sacrificial Pit
10:19 Ziggurat
10:21 Ziggurat
10:25 Ziggurat
11:25 Boneyard
11:29 Boneyard
14:24 Ziggurat
14:25 Ziggurat
15:39 Spirit Tower
17:39 Spirit Tower
19:57 Ziggurat
23:45 Ziggurat
24:36 Spirit Tower
24:48 Ziggurat
» items
| Rod of Necromancy | 1 | |
| Dust of Appearance | 1 | |
| Scroll of Town Portal | 2 | |
| Potion of Mana | 1 | |
| Scroll of Healing | 1 | |
| Potion of Healing | 1 | |
7 total
duck34 (
purple | 57 APM | 1441 actions | 25:25)
4 Keeper of the Grove
2 Entangling Roots
2 Thorns Aura
2 Priestess of the Moon
1 Trueshot Aura
1 Searing Arrows
» actions
| Assign group hotkey | 31 | |
| Basic commands | 27 | |
| Build / train | 70 | |
| ESC pressed | 5 | |
| Enter build submenu | 28 | |
| Enter hero's abilities submenu | 6 | |
| Right click | 558 | |
| Select / deselect | 376 | |
| Select group hotkey | 280 | |
| Use ability | 60 | |
1441 total
» units
| Wisp | 21 | |
| Archer | 4 | |
| Hippogryph | 23 | |
| Chimaera | 9 | |
57 total
» upgrades
| Corrosive Breath | 1 | |
| Strength of the Wild | 1 | |
2 total
» buildings
| Altar of Elders | 1 | |
| Moon Well | 9 | |
| Ancient of War | 2 | |
| Hunter's Hall | 1 | |
| Ancient of Wonders | 1 | |
| Tree of Ages | 1 | |
| Ancient Protector | 2 | |
| Tree of Eternity | 1 | |
| Ancient of Wind | 3 | |
| Tree of Life | 2 | |
| Chimaera Roost | 4 | |
27 total
» build order
00:04 Altar of Elders
00:33 Moon Well
00:44 Ancient of War
01:09 Ancient of War
01:26 Moon Well
01:28 Moon Well
02:11 Moon Well
02:52 Hunter's Hall
03:24 Ancient of Wonders
04:05 Tree of Ages
04:32 Ancient Protector
04:35 Ancient Protector
06:10 Moon Well
06:29 Tree of Eternity
06:35 Ancient of Wind
06:37 Ancient of Wind
07:22 Tree of Life
07:33 Moon Well
09:01 Chimaera Roost
09:06 Chimaera Roost
09:09 Chimaera Roost
09:10 Chimaera Roost
13:16 Tree of Life
13:49 Moon Well
13:50 Moon Well
17:46 Ancient of Wind
17:52 Moon Well
» items

»
frenki540 (
red | 64 APM | 1631 actions | 25:25)
7 Death Knight
3 Death Coil
3 Unholy Aura
1 Animate Dead
6 Lich
3 Frost Nova
2 Frost Armor
1 Death and Decay
» actions
| Assign group hotkey | 168 | |
| Basic commands | 73 | |
| Build / train | 67 | |
| Enter build submenu | 17 | |
| Enter hero's abilities submenu | 13 | |
| Give item / drop item | 1 | |
| Remove unit from queue | 2 | |
| Right click | 706 | |
| Select / deselect | 315 | |
| Select group hotkey | 212 | |
| Use ability | 57 | |
1631 total
» units
| Acolyte | 3 | |
| Ghoul | 7 | |
| Crypt Fiend | 19 | |
| Obsidian Statue | 2 | |
| Gargoyle | 4 | |
| Frost Wyrm | 2 | |
| Abomination | 3 | |
40 total
» upgrades
| Web | 1 | |
| Creature Attack | 1 | |
| Creature Carapace | 1 | |
| Disease Cloud | 1 | |
4 total
» buildings
| Graveyard | 1 | |
| Crypt | 1 | |
| Ziggurat | 6 | |
| Altar of Darkness | 1 | |
| Halls of the Dead | 1 | |
| Tomb of Relics | 1 | |
| Slaughterhouse | 1 | |
| Black Citadel | 1 | |
| Sacrificial Pit | 1 | |
| Spirit Tower | 1 | |
| Boneyard | 1 | |
| Nerubian Tower | 1 | |
| Temple of the Damned | 1 | |
18 total
» build order
00:29 Graveyard
00:33 Crypt
00:36 Ziggurat
00:47 Altar of Darkness
01:03 Ziggurat
01:34 Ziggurat
04:37 Halls of the Dead
04:51 Ziggurat
06:40 Ziggurat
07:17 Tomb of Relics
07:19 Slaughterhouse
10:41 Black Citadel
13:05 Sacrificial Pit
13:19 Spirit Tower
17:03 Boneyard
17:18 Nerubian Tower
17:45 Ziggurat
21:08 Temple of the Damned
» items

»
DSSN (
pink | 94 APM | 2401 actions | 25:27)
6 Blood Mage
3 Flame Strike
2 Siphon Mana
1 Summon Phoenix
» actions
| Assign group hotkey | 32 | |
| Basic commands | 66 | |
| Build / train | 138 | |
| Enter build submenu | 43 | |
| Enter hero's abilities submenu | 6 | |
| Give item / drop item | 1 | |
| Right click | 1171 | |
| Select / deselect | 342 | |
| Select group hotkey | 472 | |
| Use ability | 130 | |
2401 total
» units
| Peasant | 11 | |
| Footman | 9 | |
| Goblin Shredder | 3 | |
| Sorceress | 1 | |
| Gryphon Rider | 5 | |
| Dragonhawk Rider | 2 | |
31 total
» upgrades
| Defend | 1 | |
| Swords | 3 | |
| Armor | 3 | |
| Masonry | 3 | |
| Lumber Harvesting | 2 | |
| Sorceress Training | 2 | |
| Magic Sentry | 1 | |
| Storm Hammers | 1 | |
| Cloud | 1 | |
| Animal War Training | 1 | |
| Priest Training | 2 | |
| Control Magic | 1 | |
21 total
» buildings
| Altar of Kings | 4 | |
| Barracks | 1 | |
| Farm | 10 | |
| Arcane Vault | 1 | |
| Town Hall | 1 | |
| Scout Tower | 17 | |
| Blacksmith | 1 | |
| Keep | 2 | |
| Lumber Mill | 1 | |
| Guard Tower | 33 | |
| Arcane Tower | 3 | |
| Arcane Sanctum | 1 | |
| Castle | 2 | |
| Gryphon Aviary | 3 | |
80 total
» build order
00:04 Altar of Kings
00:09 Altar of Kings
00:14 Altar of Kings
00:17 Barracks
00:22 Farm
00:54 Farm
01:52 Farm
02:25 Arcane Vault
04:01 Town Hall
04:14 Farm
05:18 Farm
06:07 Scout Tower
06:09 Scout Tower
06:12 Scout Tower
06:23 Blacksmith
06:24 Keep
06:25 Keep
07:18 Lumber Mill
07:31 Scout Tower
07:32 Scout Tower
08:01 Guard Tower
08:02 Guard Tower
08:05 Scout Tower
08:07 Guard Tower
08:07 Guard Tower
08:08 Guard Tower
09:06 Arcane Tower
09:06 Arcane Tower
09:08 Arcane Sanctum
09:09 Castle
09:09 Castle
10:32 Altar of Kings
10:54 Scout Tower
10:56 Scout Tower
10:59 Scout Tower
11:18 Guard Tower
11:18 Guard Tower
11:20 Guard Tower
11:21 Guard Tower
11:25 Guard Tower
11:25 Guard Tower
11:30 Guard Tower
11:30 Guard Tower
11:31 Guard Tower
11:32 Guard Tower
11:33 Guard Tower
11:42 Gryphon Aviary
11:43 Gryphon Aviary
11:45 Gryphon Aviary
13:42 Farm
13:44 Farm
13:49 Farm
15:17 Farm
15:23 Farm
17:43 Scout Tower
17:44 Scout Tower
17:46 Scout Tower
17:54 Scout Tower
17:56 Scout Tower
17:58 Scout Tower
17:59 Scout Tower
18:14 Guard Tower
18:23 Guard Tower
18:46 Scout Tower
18:48 Guard Tower
18:48 Guard Tower
19:09 Guard Tower
19:09 Guard Tower
19:37 Guard Tower
19:53 Guard Tower
19:57 Guard Tower
» items
| Scroll of Regeneration | 8 | |
| Lesser Clarity Potion | 6 | |
| Potion of Healing | 4 | |
| Scroll of Town Portal | 5 | |
| Ivory Tower | 3 | |
| Potion of Mana | 1 | |
| Orb of Fire | 1 | |
28 total
Chat log
(00:07 / Allies) frenki540: 100g plz
(00:13 / Allies) duck34: be nice
(00:17 / All) duck34: :0
(00:18 / Allies) frenki540: ty
(00:22 / Allies) duck34: hehe :P
(03:52 / Allies) duck34: gold pls
(04:01 / Allies) duck34: ty
(08:30 / Allies) LiveMyLife: i go abos
(10:44 / Allies) duck34: wood pls
(10:51 / Allies) duck34: ty ^^
(10:54 / Allies) duck34: ty :P
(12:03 / Allies) LiveMyLife: wood
(12:48 / All) DSSN: Welcome to food block hell
(14:01 / Allies) DSSN: inc my base
(14:10 / Allies) DSSN: flare
(18:49 / Allies) duck34: dont solo
(19:03 / Allies) DSSN: teal expo
(19:19 / Allies) LiveMyLife: gold pls?
(19:53 / Allies) LiveMyLife: DSSN
(19:55 / Allies) LiveMyLife: u got 4k
(19:59 / Allies) DSSN: I gave you 400
(20:09 / Allies) frenki540: pink gold
(20:10 / Allies) LiveMyLife: 1000 would be nice
(20:15 / Allies) LiveMyLife: ok ty
(20:35 / Allies) duck34: i got mass hippo
(20:42 / Allies) LiveMyLife: good
(20:47 / Allies) DSSN: they're hitting my expo
(21:24 / All) DSSN: nice try
(21:27 / Allies) LiveMyLife: what can i do
(21:30 / Allies) LiveMyLife: i got no gold mine
(21:53 / Allies) duck34: ok i am rdy
(21:55 / Allies) frenki540: pink gold
(21:58 / Allies) LiveMyLife: holy shit
(21:59 / Allies) LiveMyLife: xd
(22:01 / Allies) LiveMyLife: upgrade them
(22:02 / Allies) DSSN: make an expo red
(22:04 / Allies) DSSN: wow
(22:08 / Allies) duck34: i am on it :P
(22:29 / Allies) LiveMyLife: ty
(23:41 / Allies) duck34: no hippo dead XD
(23:56 / All) DSSN: easy
(23:57 / All) DSSN: gg
(24:02 / All) DSSN: poor yellow :(
(24:12 / All) duck34: lol no off my hippo die haha
(24:15 / Allies) DSSN: I got cloud
(24:30 / Allies) DSSN: go
(24:57 / Allies) duck34: hero stuck :P
(25:03 / Allies) DSSN: kill sanctum
(25:04 / Allies) LiveMyLife: dk
(25:05 / Allies) LiveMyLife: omg
(25:05 / Allies) LiveMyLife: xd
(25:07 / Allies) LiveMyLife: dk
(25:19 / Allies) duck34: no need pink